[Event "Djerba Festival Blitz 2025"]
[Site "Djerba"]
[Date "2025.02.21"]
[Round "1.33"]
[White "Msalmi, Hamed"]
[Black "Mathanchandaran, Dev"]
[Result "1-0"]
[ECO "C91"]
[WhiteElo "1747"]
[BlackElo "1650"]
[PlyCount "67"]
[EventDate "2025.02.15"]
[EventType "swiss"]
[EventCountry "TUN"]
[TimeControl "180+3"]

1. e4 e5 2. Nf3 Nc6 3. Bb5 a6 4. Ba4 Nf6 5. O-O b5 6. Bb3 Be7 7. c3 O-O 8. d4 d6 9. Re1 Bg4 10. d5 Na5 11. Bc2 c6 12. b4 Nc4 13. dxc6 Qb6 14. Bd3 Qxc6 15. h3 Be6 16. Ng5 h6 17. Nxe6 fxe6 18. a4 Nd7 19. Qe2 Rac8 20. axb5 axb5 21. Na3 Ra8 22. Bxc4 bxc4 23. Bb2 d5 24. Red1 d4 25. Qxc4 Qxc4 26. Nxc4 dxc3 27. Bxc3 Rac8 28. Nxe5 Nxe5 29. Bxe5 Bxb4 30. Rd7 Rf7 31. Raa7 Rcf8 32. Rxf7 Rxf7 33. Rd7 Re7 34. Rxe7 {[%emt 0:00:00] Kf7} 1-0

[Event "Djerba Festival Blitz 2025"]
[Site "Djerba"]
[Date "2025.02.21"]
[Round "1.34"]
[White "McDonald, Margaret"]
[Black "Dejardin, Gregoire"]
[Result "0-1"]
[ECO "B10"]
[WhiteElo "1404"]
[BlackElo "1932"]
[PlyCount "44"]
[EventDate "2025.02.15"]
[EventType "swiss"]
[EventCountry "TUN"]
[TimeControl "180+3"]

1. e4 c6 2. Nf3 d5 3. exd5 cxd5 4. Ne5 Nc6 5. d4 Nf6 6. Bb5 Bd7 7. O-O Nxe5 8. Bxd7+ Nexd7 9. Nc3 e6 10. Re1 Be7 11. Bg5 h6 12. Bh4 O-O 13. Qf3 Rc8 14. a3 Re8 15. Qe2 Nf8 16. Bg3 Bd6 17. Qf3 Bxg3 18. Qxg3 Qc7 19. Qf3 Ne4 20. h3 Nxc3 21. bxc3 Qxc3 22. Re3 Qxa1+ 0-1

[Event "Djerba Festival Blitz 2025"]
[Site "Djerba"]
[Date "2025.02.21"]
[Round "1.35"]
[White "Zouaghi, Ahmed"]
[Black "Chabbouh, Mohamed Rayen"]
[Result "1-0"]
[ECO "C45"]
[WhiteElo "1919"]
[BlackElo "1518"]
[PlyCount "61"]
[EventDate "2025.02.15"]
[EventType "swiss"]
[EventCountry "TUN"]
[TimeControl "180+3"]

1. e4 e5 2. Nf3 Nc6 3. d4 exd4 4. Nxd4 Bc5 5. Nb3 Bb6 6. Nc3 Nge7 7. Qe2 O-O 8. Be3 Bxe3 9. Qxe3 d6 10. O-O-O Be6 11. h3 a5 12. a3 a4 13. Nd4 Nxd4 14. Rxd4 Qe8 15. Bb5 c6 16. Bxa4 b5 17. Bb3 c5 18. Rxd6 Bxb3 19. cxb3 b4 20. Nb1 Nf5 21. exf5 Qxe3+ 22. fxe3 Rae8 23. Re1 Re5 24. g4 Rfe8 25. a4 h6 26. Kd2 Re4 27. Kd3 Kh7 28. Nd2 R4e5 29. Rd7 f6 30. Nc4 Re4 31. Nd6 1-0

[Event "Djerba Festival Blitz 2025"]
[Site "Djerba"]
[Date "2025.02.21"]
[Round "1.36"]
[White "Gunduz, Davud"]
[Black "Zenaidi, Sadok"]
[Result "0-1"]
[ECO "B10"]
[WhiteElo "1483"]
[BlackElo "1872"]
[PlyCount "142"]
[EventDate "2025.02.15"]
[EventType "swiss"]
[EventCountry "TUN"]
[TimeControl "180+3"]

1. e4 c6 2. Nf3 d5 3. exd5 cxd5 4. Ne5 Nc6 5. d4 Nf6 6. Bb5 Qb6 7. Nc3 e6 8. O-O Bd6 9. Bxc6+ bxc6 10. f4 Ba6 11. Re1 c5 12. dxc5 Bxc5+ 13. Kh1 O-O 14. Na4 Qc7 15. Nxc5 Qxc5 16. Be3 Qc7 17. Qf3 Qxc2 18. Bd4 Rac8 19. Rac1 Qxc1 20. Rxc1 Rxc1+ 21. Bg1 Rfc8 22. h3 Bb7 23. Qb3 Ba8 24. Kh2 R1c7 25. Qa4 Ne4 26. Bxa7 f6 27. Nf3 Kf7 28. Bb6 Rb7 29. Bd4 Re7 30. Qa6 Bb7 31. Qe2 Ra8 32. a3 Rc8 33. b4 Rec7 34. a4 Rc4 35. Bc5 Nxc5 36. bxc5 R8xc5 37. Qb2 Bc8 38. Qb6 Rc6 39. Qa7+ Rc7 40. Qb6 Rb7 41. Qd8 Bd7 42. Qa8 Rbc7 43. a5 Ra4 44. Qh8 h6 45. Qh7 Rxa5 46. Nd4 Ra4 47. Nf3 Ra2 48. Qb1 Rcc2 49. Qf1 Rxg2+ 50. Qxg2 Rxg2+ 51. Kxg2 Bc6 52. Kf2 Ke7 53. h4 g6 54. Ke3 Kd6 55. Kd4 Bb5 56. Nd2 e5+ 57. fxe5+ fxe5+ 58. Ke3 Bc4 59. Nb1 Kc5 60. Nc3 d4+ 61. Kd2 dxc3+ 62. Kxc3 h5 63. Kd2 Kd4 64. Ke1 e4 65. Kf2 Kd3 66. Ke1 Bg8 67. Kd1 Bh7 68. Ke1 e3 69. Kd1 e2+ 70. Ke1 Bg8 71. Kf2 Kd2 {[%emt 0:00:03] Kxe2+} 0-1

[Event "Djerba Festival Blitz 2025"]
[Site "Djerba"]
[Date "2025.02.21"]
[Round "1.37"]
[White "Chelly, Yahya"]
[Black "Baba, Jihed"]
[Result "1-0"]
[ECO "E52"]
[WhiteElo "2106"]
[BlackElo "1669"]
[PlyCount "89"]
[EventDate "2025.02.15"]
[EventType "swiss"]
[EventCountry "TUN"]
[TimeControl "180+3"]

1. d4 Nf6 2. c4 e6 3. Nc3 Bb4 4. e3 O-O 5. Bd3 b6 6. Nf3 Bb7 7. O-O d5 8. cxd5 Bxc3 9. bxc3 exd5 10. a4 c5 11. Ba3 Nbd7 12. Rb1 Re8 13. dxc5 Rb8 14. cxb6 axb6 15. Nd4 Ne5 16. Be2 Qc8 17. Bb5 Bc6 18. Bd6 Ra8 19. Bxe5 Bxb5 20. Nxb5 Rxe5 21. Rb4 Re6 22. Qb3 Qb7 23. Nd4 Rd6 24. Rb1 Rb8 25. a5 Nd7 26. axb6 Rxb6 27. Nf5 Nc5 28. Rxb6 Nxb3 29. Rxb7 Rxb7 30. Rd1 g6 31. Ng3 Nc5 32. h3 Ne4 33. Rxd5 Rb1+ 34. Kh2 Nxf2 35. c4 Ne4 36. Nxe4 Rb3 37. c5 Rxe3 38. Ng3 Rc3 39. Rd8+ Kg7 40. Rc8 h5 41. Rc7 h4 42. Ne4 Rc4 43. Nd6 Rf4 44. c6 Rf6 45. Rxf7+ 1-0

[Event "Djerba Festival Blitz 2025"]
[Site "Djerba"]
[Date "2025.02.21"]
[Round "1.38"]
[White "Baba, Mouadh"]
[Black "Bensadi, Lotfi"]
[Result "0-1"]
[ECO "B90"]
[WhiteElo "1688"]
[BlackElo "1971"]
[PlyCount "86"]
[EventDate "2025.02.15"]
[EventType "swiss"]
[EventCountry "TUN"]
[TimeControl "180+3"]

1. e4 c5 2. Nf3 d6 3. d4 cxd4 4. Nxd4 Nf6 5. Nc3 a6 6. Be3 e5 7. Nb3 Be7 8. f3 Be6 9. Qd2 Nbd7 10. g4 b5 11. g5 Nh5 12. Nd5 Bxd5 13. Qxd5 O-O 14. Rg1 Nb6 15. Qd2 Rc8 16. O-O-O Nc4 17. Bxc4 bxc4 18. Na5 Qc7 19. Qc3 g6 20. b3 cxb3 21. Qxc7 bxa2 22. Kb2 Rxc7 23. Kxa2 Rxc2+ 24. Kb3 Rfc8 25. Rc1 Rxc1 26. Rxc1 Rxc1 27. Bxc1 Ng7 28. Ba3 Ne6 29. Nc6 Kf8 30. h4 Ke8 31. Ka4 Kd7 32. Nxe7 Kxe7 33. Ka5 Nd4 34. Kxa6 Nxf3 35. Kb6 Nd2 36. Bc1 Nxe4 37. Kc6 Ke6 38. Kb5 d5 39. Kb4 d4 40. Kc4 Nd6+ 41. Kd3 Kd5 42. Ba3 e4+ 43. Kd2 Nc4+ 0-1

[Event "Djerba Festival Blitz 2025"]
[Site "Djerba"]
[Date "2025.02.21"]
[Round "1.39"]
[White "Charfeddine, Khaled"]
[Black "Khider, Amilia"]
[Result "1-0"]
[ECO "D43"]
[WhiteElo "1908"]
[BlackElo "1524"]
[PlyCount "58"]
[EventDate "2025.02.15"]
[EventType "swiss"]
[EventCountry "TUN"]
[TimeControl "180+3"]

1. d4 d5 2. c4 e6 3. Nc3 Nf6 4. Nf3 c6 5. Bf4 Bd6 6. Bxd6 Qxd6 7. c5 Qd8 8. e3 O-O 9. Bd3 b6 10. b4 Nbd7 11. O-O Re8 12. Qc2 h6 13. a4 e5 14. dxe5 Nxe5 15. Nxe5 Rxe5 16. Ne2 Bb7 17. Nd4 Qc7 18. Rac1 Rh5 19. f4 g5 20. Be2 Rh4 21. g3 Rh3 22. Kg2 g4 23. Bd3 Nh5 24. Bf5 Nf6 25. Rce1 Rh5 26. Bd3 Re8 27. Nf5 Ne4 28. Bxe4 Rxe4 29. Nd6 Qd7 1-0

[Event "Djerba Festival Blitz 2025"]
[Site "Djerba"]
[Date "2025.02.21"]
[Round "1.40"]
[White "Kammoun, Adam"]
[Black "Azreug, Lazhar"]
[Result "1-0"]
[ECO "A31"]
[WhiteElo "1571"]
[BlackElo "1793"]
[PlyCount "64"]
[EventDate "2025.02.15"]
[EventType "swiss"]
[EventCountry "TUN"]
[TimeControl "180+3"]

1. d4 Nf6 2. c4 c5 3. Nf3 cxd4 4. Nxd4 Nc6 5. Nxc6 bxc6 6. Nc3 g6 7. Bg5 Bg7 8. e3 O-O 9. Be2 Rb8 10. Qc2 d5 11. cxd5 cxd5 12. Rd1 Bf5 13. Bd3 Bxd3 14. Rxd3 Qb6 15. b3 e6 16. O-O Rfc8 17. Qe2 Qa6 18. Rc1 Nd7 19. Rdd1 Qa5 20. Na4 Nb6 21. Nxb6 axb6 22. Rc2 Rc3 23. Rdc1 Rbc8 24. h3 b5 25. Rxc3 Rxc3 26. e4 dxe4 27. Qxe4 Rxc1+ 28. Bxc1 Qxa2 29. Qd3 Qa8 30. Qxb5 Qa1 31. Qb8+ Bf8 32. Qf4 Ba3 1-0

[Event "Djerba Festival Blitz 2025"]
[Site "Djerba"]
[Date "2025.02.21"]
[Round "1.41"]
[White "Marceil, Jean"]
[Black "Doucet, Paul-Loup"]
[Result "1-0"]
[ECO "C18"]
[WhiteElo "1901"]
[BlackElo "1503"]
[PlyCount "115"]
[EventDate "2025.02.15"]
[EventType "swiss"]
[EventCountry "TUN"]
[TimeControl "180+3"]

1. d4 d5 2. e4 e6 3. Nc3 Bb4 4. e5 c5 5. a3 Ba5 6. Qg4 cxd4 7. b4 g6 8. Qxd4 Bb6 9. Qg4 d4 10. Ne4 Ne7 11. Bg5 Nd7 12. Nd6+ Kf8 13. Bh6+ Kg8 14. Qf4 Nf5 15. g4 Nxd6 16. exd6 e5 17. Qe4 Nf6 18. Qf3 Qxd6 19. O-O-O Bxg4 20. Qg3 Bxd1 21. Kxd1 Rd8 22. Bc4 Ne4 23. Qf3 Nf6 24. Bg5 e4 25. Qxf6 Qxf6 26. Bxf6 Rc8 27. Bb3 d3 28. cxd3 exd3 29. Nh3 Rc3 30. Bxc3 Kf8 31. Bxh8 Kg8 32. Bc3 Kf8 33. Ng5 Kg8 34. Bxf7+ Kf8 35. b5 Ke7 36. Bb4+ Kd7 37. Nxh7 a6 38. bxa6 bxa6 39. Bxg6 Bxf2 40. Bxd3 Kc6 41. Ke2 Bb6 42. Rc1+ Kb7 43. Be4+ Ka7 44. Nf6 a5 45. Bd6 a4 46. Nd5 Bd8 47. Bc5+ Ka6 48. Nb4+ Ka5 49. Ba7 Bb6 50. Bxb6+ Kxb6 51. Rc6+ Ka7 52. h4 Kb8 53. h5 Ka7 54. h6 Kb8 55. h7 Ka7 56. h8=Q Kb7 57. Qc8+ Ka7 58. Ra6# 1-0

[Event "Djerba Festival Blitz 2025"]
[Site "Djerba"]
[Date "2025.02.21"]
[Round "1.44"]
[White "Alkortabi, Ahmed B."]
[Black "Mendili, Jahed"]
[Result "0-1"]
[ECO "B50"]
[WhiteElo "1906"]
[BlackElo "1771"]
[PlyCount "32"]
[EventDate "2025.02.15"]
[EventType "swiss"]
[EventCountry "TUN"]
[TimeControl "180+3"]

1. e4 c5 2. Nf3 d6 3. d3 Nf6 4. Be3 e6 5. Be2 Be7 6. c4 O-O 7. Nbd2 Nc6 8. Nb3 a6 9. Qc2 b5 10. cxb5 axb5 11. O-O-O Nb4 12. Qb1 Nxa2+ 13. Kc2 Nb4+ 14. Kc1 Qc7 15. d4 cxd4+ 16. Qc2 Qxc2# 0-1